 Dungeon Crawl Stone Soup version 0.28-a0-1152-g9c71ebef14 (webtiles) character file.

Game seed: 16902635452367192232

405013 emperorscorpion the Hoplite (level 23, -7/155 HPs)
             Began as a Gargoyle Gladiator on Dec 14, 2021.
             Was the Champion of Okawaru.
             Killed from afar by an acid blob (21 damage)
             ... with a splash of acid
             ... created by the Royal Jelly
             ... on level 4 of the Pits of Slime.
             The game lasted 02:45:05 (58238 turns).

emperorscorpion the Hoplite (Gargoyle Gladiator)   Turns: 58238, Time: 02:45:05

Health: -7/155     AC: 22    Str: 21    XL:     23   Next: 4%
Magic:  33/33      EV:  8    Int: 22    God:    Okawaru [******]
Gold:   3716       SH: 38    Dex: 30    Spells: 22/22 levels left

rFire   + + .      SeeInvis .   c - +7 demon whip (flame)
rCold   + + +      Faith    .   M - +5 tower shield of Okawaru's Wrath {Int+2}
rNeg    + . .      Spirit   .   V - +5 crystal plate armour
rPois   ∞          Reflect  +   (helmet restricted)
rElec   +          Harm     .   j - scarf {rC+ rF+}
rCorr   .          Rampage  .   v - +0 pair of fencer's gloves {Riposte Dex+3}
Will    ++...      Rage     1%  C - +0 pair of boots of the Thistle {+Inv Str+3 Int+2 Dex+8}
Stlth   ..........              R - amulet "Linkas" {Reflect +Blink +Inv rC+ Str-3 SH+5}
HPRegen 0.35/turn               l - +6 ring of dexterity
MPRegen 0.23/turn               J - ring of Piaskimi {*Corrode rF+ rC+ Will+ Int+3}

@: about to teleport, corroded, on berserk cooldown, flying, slowed, very slow
A: sickness immunity, AC +17, big wings, negative energy resistance 1,
electricity resistance, torment resistance 1, petrification resistance, claws 1,
horns 1, iridescent scales 1, berserk 1
}: 3/15 runes: serpentine, barnacled, abyssal
a: Renounce Religion, Evoke Blink, Evoke Invisibility, Heroism, Finesse, Duel


You were on level 4 of the Pits of Slime.
You worshipped Okawaru.
Okawaru was exalted by your worship.
You visited 9 branches of the dungeon, and saw 43 of its levels.
You visited the Abyss 1 time.
You also visited: Bailey.

You collected 5832 gold pieces.
You spent 2116 gold pieces at shops.

Inventory:

Hand Weapons
 a - a +9 flail of electrocution
 b - the +2 long sword of Parts Unknown {speed, rF++ Int+3 Dex-2 Stlth+}
   (You found it on level 6 of the Dungeon)

   Attacks with this weapon are significantly faster.
   Int:       It affects your intelligence (+3).
   Dex:       It affects your dexterity (-2).
   rF:        It greatly protects you from fire.
   Stlth:     It makes you more stealthy.
 c - a +7 demon whip of flaming (weapon)
 x - a +4 vampiric demon trident
Missiles
 r - 6 curare-tipped darts
 H - 14 poisoned darts
 I - 4 throwing nets
 S - 5 javelins
 X - 32 atropa-tipped darts
 Y - 10 silver javelins (quivered)
Armour
 j - a scarf of resistance (worn)
 o - the +3 helmet "Tesaurip" {rElec rCorr Dex+4 Stlth+}
   (You took it off Robin on level 3 of the Dungeon)

   Dex:       It affects your dexterity (+4).
   rElec:     It insulates you from electricity.
   rCorr:     It protects you from acid and corrosion.
   Stlth:     It makes you more stealthy.
 v - the +0 pair of fencer's gloves (worn) {Riposte Dex+3}
   (You found it on level 6 of the Dungeon)

   It allows the wearer to riposte with melee weapons, swiftly retaliating
   against missed attacks.
   Dex:       It affects your dexterity (+3).
 C - the +0 pair of boots of the Thistle (worn) {+Inv Str+3 Int+2 Dex+8}
   (You bought it in a shop on level 2 of the Snake Pit)

   Str:       It affects your strength (+3).
   Int:       It affects your intelligence (+2).
   Dex:       It affects your dexterity (+8).
   +Inv:      It lets you turn invisible.
 M - the +5 tower shield of Okawaru's Wrath (worn) {Int+2}
   (You bought it in a shop on level 3 of the Shoals)

   Int:       It affects your intelligence (+2).
 V - a +5 crystal plate armour (worn)
Jewellery
 h - a ring of see invisible
 i - the ring of Ziubau {Fly rPois Str+2}
   (You took it off a necromancer on level 4 of the Vaults)

   [ring of flight]

   Str:       It affects your strength (+2).
   rPois:     It protects you from poison.
   Fly:       It grants you flight.
 l - a +6 ring of dexterity (left hand)
 p - the ring of Maikk {Fly rF+ Dex-4 Slay+2}
   (You took it off a deep elf death mage on level 3 of the Elven Halls)

   [ring of flight]

   Dex:       It affects your dexterity (-4).
   Slay:      It affects your accuracy & damage with ranged weapons and melee
   (+2).
   rF:        It protects you from fire.
   Fly:       It grants you flight.
 J - the ring of Piaskimi (right hand) {*Corrode rF+ rC+ Will+ Int+3}
   (You acquired it on level 9 of the Dungeon)

   [ring of protection from fire]

   Int:       It affects your intelligence (+3).
   rF:        It protects you from fire.
   rC:        It protects you from cold.
   *Corrode:  It may corrode you when you take damage.
   Will:      It increases your willpower.
 O - the amulet "Tiso" {RegenMP Str+7 Int+4}
   (You acquired it on level 1 of the Lair of Beasts)

   [amulet of magic regeneration]

   It increases your rate of magic regeneration.
   Str:       It affects your strength (+7).
   Int:       It affects your intelligence (+4).
 R - the amulet "Linkas" (around neck) {Reflect +Blink +Inv rC+ Str-3 SH+5}
   (You found it on level 6 of the Lair of Beasts)

   [amulet of reflection]

   It reflects blocked missile attacks.
   Str:       It affects your strength (-3).
   rC:        It protects you from cold.
   +Inv:      It lets you turn invisible.
   +Blink:    It lets you blink.
   SH:        It affects your SH (+5).
 T - the ring "Leicosoq" {Fly rF+ Will++ Str-5}
   (You took it off a deep elf archer on level 3 of the Elven Halls)

   [ring of protection from fire]

   Str:       It affects your strength (-5).
   rF:        It protects you from fire.
   Fly:       It grants you flight.
   Will:      It greatly increases your willpower.
 Z - the brooch of Shielding {Spirit SH+8}
   (You took it off a deep elf knight on level 14 of the Dungeon)

   [amulet of guardian spirit]

   It causes incoming damage to be divided between your reserves of health and
   magic.
   SH:        It affects your SH (+8).
Wands
 w - a wand of iceblast (11)
 B - a wand of acid (3)
 E - a wand of digging (11)
Scrolls
 e - 2 scrolls of magic mapping
 k - 15 scrolls of teleportation
 n - 4 scrolls of fog
 t - a scroll of holy word
 u - 2 scrolls of blinking
 y - a scroll of fear
 F - 22 scrolls of identify
 W - 2 scrolls of silence
Potions
 f - 5 potions of haste
 g - 5 potions of lignification
 m - 6 potions of brilliance
 s - 17 potions of curing
 z - 5 potions of attraction
 A - 6 potions of heal wounds
 K - 7 potions of magic
 L - a potion of invisibility
 N - 2 potions of cancellation
 P - 2 potions of might
 Q - 3 potions of resistance
 U - 4 potions of ambrosia
Miscellaneous
 d - a phial of floods
 q - a tin of tremorstones (1/2)
 G - a lightning rod (1/4)


   Skills:
 + Level 19.2 Fighting
 + Level 1.1 Long Blades
 - Level 16.5 Maces & Flails
 + Level 11.0 Throwing
 + Level 14.2 Armour
 + Level 5.3 Dodging
 + Level 25.2 Shields
 + Level 14.3 Invocations
 * Level 9.0 Evocations


You had 22 spell levels left.
You didn't know any spells.
Your spell library contained the following spells:

 Spells                   Type           Power      Damage    Failure   Level
 Foxfire                  Conj/Fire      0%         2x1d4     100%        1
 Freeze                   Ice            0%         1d3       100%        1
 Pain                     Necr           0%         1d4       100%        1
 Slow                     Hex            0%         N/A       100%        1
 Sting                    Tmut/Pois      0%         1d3       100%        1
 Poisonous Vapours        Pois/Air       0%         N/A       100%        2
 Wereblood                Tmut           0%         N/A       100%        2
 Confusing Touch          Hex            0%         N/A       100%        3
 Conjure Flame            Conj/Fire      0%         6-21      100%        3
 Dazzling Flash           Conj/Hex       0%         N/A       100%        3
 Frozen Ramparts          Ice            0%         1d2       100%        3
 Ignite Poison            Fire/Tmut/Pois 0%         N/A       100%        3
 Inner Flame              Hex/Fire       0%         N/A       100%        3
 Portal Projectile        Hex/Tloc       0%         N/A       100%        3
 Vampiric Draining        Necr           0%         2d6       100%        3
 Airstrike                Air            0%         N/A       100%        4
 Flame Wave               Conj/Fire      0%         2d4       100%        4
 Hailstorm                Conj/Ice       0%         3d3       100%        4
 Ice Form                 Ice/Tmut       0%         N/A       100%        4
 Iskenderun's Mystic Bla  Conj/Tloc      0%         2d3       100%        4
 Leda's Liquefaction      Hex/Erth       0%         N/A       100%        4
 Olgreb's Toxic Radiance  Pois           0%         N/A       100%        4
 Passage of Golubria      Tloc           0%         N/A       100%        4
 Sticky Flame             Conj/Fire      0%         2d3       100%        4
 Alistair's Intoxication  Tmut/Pois      0%         N/A       100%        5
 Blade Hands              Tmut           0%         N/A       100%        5
 Borgnjor's Vile Clutch   Necr/Erth      0%         N/A       100%        5
 Irradiate                Conj/Tmut      0%         3d13      100%        5
 Lightning Bolt           Conj/Air       0%         1d11      100%        5
 Silence                  Hex/Air        0%         N/A       100%        5
 Eringya's Noxious Bog    Tmut/Pois      0%         N/A       100%        6
 Starburst                Conj/Fire      0%         6d3       100%        6
 Dragon Form              Tmut           0%         N/A       100%        7
 Storm Form               Tmut/Air       0%         N/A       100%        7
 Lehudib's Crystal Spear  Conj/Erth      0%         10d2      100%        8
 Maxwell's Capacitive Co  Air            0%         ∞         100%        8
 Shatter                  Erth           0%         3d5*      100%        9
 Animate Skeleton         Necr           Unusable   N/A       N/A         1
 Sublimation of Blood     Necr           Unusable   N/A       N/A         2
 Call Canine Familiar     Summ           Unusable   N/A       N/A         3
 Summon Lightning Spire   Summ/Air       Unusable   N/A       N/A         4
 Simulacrum               Ice/Necr       Unusable   N/A       N/A         6
 Malign Gateway           Summ/Tloc      Unusable   N/A       N/A         7
 Summon Hydra             Summ           Unusable   N/A       N/A         7
 Summon Horrible Things   Summ           Unusable   N/A       N/A         8

Dungeon Overview and Level Annotations

Branches:
Dungeon (14/15)            Temple (1/1) D:7            Lair (6/6) D:10
 Shoals (4/4) Lair:4        Snake (4/4) Lair:3        Slime (5/5) Lair:5
    Orc (2/2) D:10            Elf (3/3) Orc:2        Vaults (4/5) D:14
  Crypt (0/3) Vaults:3     Bailey (visited)

Altars:
Ashenzari
Cheibriados
Dithmenos
Elyvilon
Fedhas
Gozag
Hepliaklqana
Kikubaaqudgha
Makhleb
Nemelex Xobeh
Okawaru
Qazlal
Ru
Sif Muna
Trog
Uskayaw
Vehumet
Wu Jian
Xom
Yredelemnul
Zin
The Shining One
Lugonu

Shops:
D:4 [   D:6 ?   Orc:2 [=?=   Elf:1 ==:*   Shoals:3 **(   Snake:2 [

Portals:
Abyss: Lair:6
Trove: D:12 (give 17 scrolls of teleportation)

Annotations:
D:3 2 runed translucent doors, mcbry74's ghost, amateur TrBe


Innate Abilities, Weirdness & Mutations

You are immune to sickness and miasma.
Your stone body is resilient. (AC +17)
You are immune to poison.
Your large and strong wings let you fly.
You resist negative energy. (rN+)
You are resistant to electric shocks. (rElec)
You are resistant to unholy torment.
You are immune to petrification.
You have sharp fingernails.
You have a pair of small horns on your head.
You are partially covered in iridescent scales. (AC +2)
You tend to lose your temper in combat.


Message History

The acid blob spits acid at you. The splash of acid hits you!!
* * * LOW HITPOINT WARNING * * *
There is a stone staircase leading up here.
As you read the scroll of teleportation, it crumbles to dust.
You feel strangely unstable. The acid blob spits acid at you.
The splash of acid hits you.
* * * LOW HITPOINT WARNING * * *
The rockslime hits you.
* * * LOW HITPOINT WARNING * * *
You are shoved backwards!
You feel much better. You block the acid blob's attack.
You block the rockslime's attack. The acid blob spits acid at you.
The splash of acid hits you!
* * * LOW HITPOINT WARNING * * *
The acid corrodes you! You block the rockslime's attack.
The rockslime closely misses you.
You riposte.
You hit the rockslime but do no damage.
You headbutt the rockslime, but do no damage.
You block the acid blob's attack.
You feel much better.
Your surroundings seem slightly different.
Found a stone staircase leading up.
Unknown command.
You are splashed with acid!
* * * LOW HITPOINT WARNING * * *
The acid blob spits acid at you. The splash of acid hits you!
* * * LOW HITPOINT WARNING * * *
The acid blob spits acid at you. The splash of acid hits you!
* * * LOW HITPOINT WARNING * * *
The acid corrodes you!
As you read the scroll of teleportation, it crumbles to dust.
You feel strangely unstable. The acid blob spits acid at you.
The splash of acid hits you!!
You die...

..................
..........<......#
.###..............
.#.....>.........
........JJ.J......
..##...#.J....#...
. ###.....J..#...#
............##.##
.#.#.#.#.@.## ##
#.#.#.#....#
.......#...#
......#...##
...<...#...
.....#..... ....
#.... .. ...##


You could see 2 acid blobs, an azure jelly and 2 rockslimes.

Vanquished Creatures
  the Royal Jelly (Slime:5)
  Mennas (Vaults:3)
  Mara (Arena)
  Margery (Arena)
  The ghost of Geloitur the Imperceptible, a veteran SpEE of Dithmenos (Vaults:1)
  Jory (Vaults:3)
  Rupert (D:13)
  A tentacled monstrosity (Shoals:3)
  A lich (Vaults:1)
  3 deep elf blademasters
  A titan (Vaults:3)
  2 deep elf master archers (Elf:3)
  Frances (D:14)
  3 acid blobs (Slime:5)
  A tentacled starspawn (Abyss:3)
  5 sphinxes
  3 krakens
  3 nagarajas
  An azure jelly (Slime:5)
  A frost giant (Vaults:3)
  11 vault wardens
  6 deep elf sorcerers
  A cacodemon (Abyss:3)
  7 very ugly things
  2 quicksilver oozes
  3 war gargoyles
  10 deep elf elementalists
  7 ironbound thunderhulks
  15 ironbound preservers
  A spectral titan (Vaults:1)
  2 elemental wellsprings (Shoals:2)
  A minotaur (Shoals:4)
  2 deep elf demonologists
  8 deep elf annihilators
  4 dire elephants (Vaults:4)
  3 merfolk javelineers
  5 merfolk impalers
  A green death (Abyss:3)
  6 deep elf death magi
  7 ettins
  2 crystal guardians
  4 deep elf high priests
  12 yaktaur captains
  7 hydras
  4 vault guards
  15 naga warriors
  Harold (D:8)
  A boulder beetle (Vaults:1)
  4 great orbs of eyes
  3 peacekeepers
  4 salamander tyrants
  An ogre mage (D:14)
  Erolcha (D:10)
  Erica (D:8)
  13 centaur warriors
  A spectral sphinx (Vaults:1)
  4 merfolk aquamancers
  A spectral frost giant (Vaults:1)
  7 anacondas
  9 ironbound frosthearts
  3 merfolk avatars
  2 death knights (D:13)
  4 two-headed ogres
  19 satyrs
  3 death yaks (Lair:5)
  25 dancing weapons
  A spectral storm dragon (Vaults:1)
  4 hell knights
  3 orc high priests (Orc:2)
  3 thrashing horrors (Lair:6)
  13 shock serpents
  12 naga sharpshooters
  Nergalle (D:12)
  Sonja (D:11)
  10 deep elf knights
  A spectral human (Vaults:1)
  A shadow wraith (Abyss:3)
  7 skeletal warriors (Vaults:3)
  A spectral elf (Vaults:1)
  2 wretched stars (Abyss:3)
  15 sea snakes
  3 sixfirhies (Abyss:3)
  7 salamander mystics
  43 deep trolls
  A glowing orange brain (Abyss:3)
  A sea snake (shapeshifter) (Vaults:3)
  51 slime creatures
  8 wizards
  5 deep elf archers
  15 ironbound convokers
  A tengu zombie (Vaults:4)
  7 orc knights
  Pikel (D:4)
  14 lindwurms
  3 large abominations
  2 naga ritualists (Snake:4)
  9 mana vipers
  2 necromancers (Vaults:4)
  28 deep elf pyromancers
  35 ugly things
  16 harpies
  29 deep elf zephyrmancers
  A stone giant zombie (Vaults:4)
  23 fauns
  3 tengu skeletons (Vaults:3)
  2 manticores (shapeshifter)
  5 orc sorcerers (Orc:2)
  2 worldbinders (Abyss:3)
  2 wolf spiders (Lair:4)
  A human zombie (Vaults:4)
  5 cyclopes
  14 salamanders
  A sphinx skeleton (Vaults:3)
  22 manticores
  2 shining eyes
  4 human skeletons (Vaults:3)
  A stone giant skeleton (Vaults:3)
  A guardian serpent (shapeshifter) (Lair:6)
  33 black mambas
  7 merfolk sirens
  4 apocalypse crabs
  9 guardian serpents
  Joseph (Lair:1)
  9 elephants
  7 water nymphs
  15 naga magi
  An eye of devastation (Slime:5)
  13 cane toads
  14 vault sentinels
  A gargoyle (D:12)
  A smoke demon (Lair:6)
  3 rime drakes
  A komodo dragon (shapeshifter) (Elf:3)
  46 yaktaurs
  7 komodo dragons
  3 ancient zymes
  17 merfolk
  3 meliai (D:14)
  2 wind drakes (Shoals:4)
  A silent spectre (Abyss:3)
  6 trolls
  A meliai (shapeshifter) (Lair:6)
  Prince Ribbit (D:5)
  A polar bear (shapeshifter) (Elf:1)
  3 polar bears
  21 blink frogs
  A stone giant simulacrum (Vaults:1)
  A meliai zombie (D:11)
  6 dream sheep
  A raiju (shapeshifter) (Lair:6)
  8 snapping turtles
  A tarantella (shapeshifter) (Vaults:3)
  A spriggan (Lair:6)
  4 ettin skeletons
  A vampire (D:9)
  6 wyverns
  A water elemental (Shoals:3)
  A wraith (D:12)
  A ynoxinul (Lair:6)
  6 air elementals
  48 yaks
  11 basilisks
  2 chaos spawn (Lair:6)
  3 vampire mosquitoes (D:11)
  3 steam dragons
  A yaktaur simulacrum (Vaults:1)
  2 wargs (Orc:2)
  Menkaure (D:5)
  37 nagas
  13 water moccasins
  A floating eye (Abyss:3)
  An acid dragon (D:14)
  9 small abominations
  3 ice beasts
  A black bear (Lair:3)
  A sky beast (D:5)
  A hornet zombie (D:7)
  23 orc warriors
  3 ogres
  20 wolves
  6 centaurs
  A phantom (D:6)
  9 bullfrogs
  A scorpion (D:4)
  4 earth elementals
  A water moccasin zombie (D:5)
  A wyvern skeleton (D:7)
  A water moccasin skeleton (D:5)
  2 human simulacra
  6 killer bees (D:10)
  5 wights (D:9)
  7 howler monkeys
  A quasit (Abyss:3)
  5 centaur zombies
  A hound (D:4)
  3 centaur skeletons
  4 jellies
  10 orc priests
  Crazy Yiuf (D:6)
  A bullfrog skeleton (D:6)
  2 iguanas
  12 orc wizards
  Ijyb (D:5)
  A scorpion zombie (D:4)
  A killer bee zombie (D:6)
  A hound skeleton (D:4)
  A howler monkey zombie (D:7)
  Robin (D:3)
  4 gnolls (D:6)
  4 adders
  3 white imps
  A howler monkey simulacrum (D:9)
  3 ufetubi
  A worm (D:4)
  53 orcs
  7 bats
  15 endoplasms
  2 giant cockroaches
  8 hobgoblins
  8 kobolds
  A quokka (D:3)
  5 ball pythons
  14 goblins
  4 rats
  3 starspawn tentacles (Abyss:3)
  2 tentacles
1413 creatures vanquished.

Vanquished Creatures (collateral kills)
  Edmund (D:5)
  A white imp (D:5)
2 creatures vanquished.

Vanquished Creatures (others)
  A merfolk aquamancer (Shoals:3)
  A deep elf knight (Elf:2)
  2 deep elf pyromancers (Elf:3)
  2 manticores (Shoals:4)
  A snapping turtle (Shoals:4)
  A naga (Snake:4)
  An orc wizard (Orc:2)
  24 fungi
  A lurking horror (Abyss:3)
  64 plants
  2 starspawn tentacles (Abyss:3)
  22 tentacles
122 creatures vanquished.

Grand Total: 1537 creatures vanquished

Notes
Turn   | Place    | Note
-------+----------+-------------------------------------------
     0 | D:1      | emperorscorpion the Gargoyle Gladiator began the quest for
                  | the Orb.
     0 | D:1      | Reached XP level 1. HP: 12/12 MP: 1/1
   378 | D:1      | Reached XP level 2. HP: 17/17 MP: 2/2
  1491 | D:2      | Reached XP level 3. HP: 14/21 MP: 3/3
  2108 | D:2      | Found a faded altar of an unknown god.
  2626 | D:3      | Found a shimmering blue altar of Sif Muna.
  2626 | D:3      | Found a hide-covered altar of Uskayaw.
  2845 | D:3      | Identified the +3 helmet "Tesaurip" {rElec rCorr Dex+4
                  | Stlth+}
  2845 | D:3      | Noticed Robin
  2854 | D:3      | Killed Robin
  2855 | D:3      | Reached skill level 1 in Shields
  2855 | D:3      | Reached XP level 4. HP: 27/27 MP: 4/4
  3130 | D:3      | Found a runed translucent door.
  3140 | D:3      | Noticed mcbry74's ghost (amateur TrBe)
  3204 | D:3      | Found a runed translucent door.
  3297 | D:3      | Reached skill level 1 in Armour
  3311 | D:3      | Gained mutation: You have a pair of small antennae on your
                  | head. [potion of mutation]
  3311 | D:3      | Gained mutation: You are partially covered in iridescent
                  | scales. (AC +2) [potion of mutation]
  3311 | D:3      | Gained mutation: You are mostly covered in iridescent
                  | scales. (AC +4) [potion of mutation]
  3325 | D:3      | Reached XP level 5. HP: 7/32 MP: 5/5
  3840 | D:4      | Noticed a lemure
  3840 | D:4      | Noticed a lemure
  3842 | D:4      | Noticed a lemure
  3842 | D:4      | Noticed Pikel
  4025 | D:4      | Reached XP level 6. HP: 32/36 MP: 6/6
  4121 | D:4      | Found a sparkling altar of Nemelex Xobeh.
  4195 | D:4      | Found a stormy altar of Qazlal.
  4280 | D:4      | Killed Pikel
  4281 | D:4      | Reached skill level 5 in Maces & Flails
  4281 | D:4      | Reached skill level 2 in Shields
  4281 | D:4      | Reached XP level 7. HP: 18/41 MP: 7/7
  4679 | D:4      | Reached XP level 8. HP: 33/46 MP: 8/8
  4893 | D:4      | Found Bugugeg's Antique Armour Emporium.
  5086 | D:5      | Entered Level 5 of the Dungeon
  5199 | D:5      | You fall into a shaft and drop 1 floor!
  5199 | D:6      | Noticed Crazy Yiuf
  5199 | D:6      | Found a runed translucent door.
  5205 | D:6      | Killed Crazy Yiuf
  5550 | D:6      | Found an opulent altar of Gozag.
  5579 | D:5      | Noticed Prince Ribbit
  5755 | D:5      | Killed Prince Ribbit
  5756 | D:5      | Reached skill level 3 in Shields
  6216 | D:5      | Noticed Edmund
  6231 | D:5      | Killed Edmund
  6476 | D:5      | Reached skill level 4 in Shields
  6677 | D:5      | Reached XP level 9. HP: 52/52 MP: 9/9
  6686 | D:5      | Noticed Menkaure
  6686 | D:5      | Noticed Ijyb
  6695 | D:5      | Killed Menkaure
  6701 | D:5      | Killed Ijyb
  6933 | D:6      | Found the +0 pair of fencer's gloves {Riposte Dex+3}
  7149 | D:6      | Identified the +2 long sword of Parts Unknown {speed, rF++
                  | Int+3 Dex-2 Stlth+}
  7389 | D:6      | Found Uwkod's Magic Scroll Boutique.
  7724 | D:7      | Found a staircase to the Ecumenical Temple.
  7733 | Temple   | Entered the Ecumenical Temple
  7821 | D:7      | Noticed a troll
  7834 | D:7      | Killed a troll
  7835 | D:7      | Reached skill level 5 in Armour
  7835 | D:7      | Reached skill level 5 in Dodging
  7943 | D:7      | Reached skill level 5 in Shields
  7970 | D:7      | Noticed a troll
  7982 | D:7      | Killed a troll
  8003 | D:7      | Reached skill level 5 in Fighting
  8841 | D:8      | Noticed Harold
  9232 | D:8      | Noticed Erica
  9277 | D:9      | Reached XP level 10. HP: 59/59 MP: 10/10
  9627 | D:9      | Killed a very large slime creature
  9628 | D:9      | Reached skill level 10 in Maces & Flails
  9628 | D:9      | Reached skill level 6 in Shields
 10141 | D:9      | Found a glowing golden altar of the Shining One.
 10148 | D:9      | Found an iron altar of Okawaru.
 10149 | D:9      | Found a basalt altar of Yredelemnul.
 10152 | D:9      | Became a worshipper of Warmaster Okawaru
 10184 | D:9      | Noticed a two-headed ogre
 10196 | D:9      | Killed a two-headed ogre
 10196 | D:9      | Reached * piety under Okawaru
 10457 | D:8      | Killed Erica
 10458 | D:8      | Reached XP level 11. HP: 66/66 MP: 9/11
 10633 | D:8      | Killed Harold
 10634 | D:8      | Reached skill level 7 in Shields
 10930 | D:9      | Identified a scroll of acquirement
 10930 | D:9      | Acquired the ring of Piaskimi {*Corrode rF+ rC+ Will+
                  | Int+3}
 11062 | D:10     | Entered Level 10 of the Dungeon
 11243 | D:10     | Reached ** piety under Okawaru
 11398 | D:10     | Noticed Erolcha
 11411 | D:10     | Killed Erolcha
 11469 | D:10     | Found a staircase to the Lair.
 11591 | D:10     | Found a staircase to the Orcish Mines.
 12262 | D:6      | Bought a scroll of brand weapon for 280 gold pieces
 12506 | D:11     | Noticed Sonja
 12514 | D:11     | Killed Sonja
 12514 | D:11     | Reached *** piety under Okawaru
 12520 | D:11     | Received a gift from Okawaru
 12582 | D:11     | Noticed a manticore
 12594 | D:11     | Killed a manticore
 12595 | D:11     | Reached skill level 8 in Shields
 12857 | D:11     | Found a flagged portal.
 12857 | D:11     | Noticed a cyclops
 12865 | Bailey   | Entered a bailey
 13272 | Bailey   | Reached XP level 12. HP: 80/80 MP: 12/12
 13306 | Bailey   | Reached skill level 1 in Invocations
 13748 | Bailey   | Reached XP level 13. HP: 85/85 MP: 13/13
 13912 | D:11     | Reached **** piety under Okawaru
 14190 | D:11     | Received a gift from Okawaru
 14656 | D:12     | Found a portal to a secret trove of treasure.
 14663 | D:12     | Identified the +7 war axe of a sewer {venom, rN+}
 14678 | D:12     | Noticed Nergalle
 14693 | D:12     | Killed Nergalle
 14694 | D:12     | Reached skill level 9 in Shields
 15070 | D:12     | Received a gift from Okawaru
 15421 | D:13     | Found an iron altar of Okawaru.
 15512 | D:13     | Noticed Rupert
 15518 | D:13     | Paralysed by Rupert for 5 turns
 15566 | D:13     | Killed Rupert
 15567 | D:13     | Reached skill level 5 in Throwing
 15567 | D:13     | Reached skill level 1 in Evocations
 15878 | D:13     | Received a gift from Okawaru
 16098 | D:13     | Received a gift from Okawaru
 16447 | D:13     | Reached skill level 10 in Shields
 16816 | D:14     | Reached ***** piety under Okawaru
 17012 | D:14     | Received a gift from Okawaru
 17096 | D:14     | Noticed Frances
 17119 | D:14     | Killed Frances
 17120 | D:14     | Reached skill level 11 in Shields
 17291 | D:14     | Gained mutation: Your large and strong wings let you fly.
                  | [Gargoyle growth]
 17291 | D:14     | Reached XP level 14. HP: 92/92 MP: 15/15
 17685 | D:14     | Found a gate to the Vaults.
 17731 | D:14     | Received a gift from Okawaru
 18751 | Orc:1    | Entered Level 1 of the Orcish Mines
 18926 | Orc:2    | Entered Level 2 of the Orcish Mines
 19098 | Orc:2    | Identified the +2 pair of boots "Barios" {-Tele rPois
                  | Int+4} (Okawaru gifted it to you on level 2 of the Orcish
                  | Mines)
 19098 | Orc:2    | Received a gift from Okawaru
 19174 | Orc:2    | Found a staircase to the Elven Halls.
 19311 | Orc:2    | Found Atiop's Jewellery Emporium.
 19312 | Orc:2    | Paralysed by an orc sorcerer for 3 turns
 19351 | Orc:2    | Reached skill level 12 in Shields
 20171 | Orc:2    | Found Moimmuv's Magic Scroll Shop.
 20182 | Orc:2    | Bought a scroll of acquirement for 832 gold pieces
 20182 | Orc:2    | Bought a scroll of teleportation for 48 gold pieces
 20182 | Orc:2    | Acquired 845 gold pieces
 20184 | Orc:2    | Found Uqalimop's Jewellery Shop.
 20186 | Orc:2    | Found Tatuopur's Antique Armour Emporium.
 20342 | Lair:1   | Entered Level 1 of the Lair of Beasts
 20351 | Lair:1   | Reached skill level 5 in Invocations
 20872 | Lair:1   | Noticed Joseph
 20885 | Lair:1   | Killed Joseph
 21175 | Lair:1   | Acquired the amulet "Tiso" {RegenMP Str+7 Int+4}
 21226 | Lair:1   | Identified the +7 hand axe of the Pure People {vorpal,
                  | Stlth+}
 21672 | Lair:2   | Reached skill level 10 in Armour
 21679 | Lair:2   | Reached skill level 13 in Shields
 21679 | Lair:2   | Reached XP level 15. HP: 99/99 MP: 19/19
 21743 | Lair:2   | Received a gift from Okawaru
 22709 | Lair:3   | Found a staircase to the Snake Pit.
 22726 | Lair:3   | Received a gift from Okawaru
 22912 | Lair:3   | Reached ****** piety under Okawaru
 23365 | Lair:4   | Received a gift from Okawaru
 23551 | Lair:4   | Identified the +1 chain mail of Going Fast {MP+9 Int+4
                  | SInv}
 23683 | Lair:4   | Found a staircase to the Shoals.
 23751 | Lair:4   | Reached skill level 14 in Shields
 24391 | Lair:5   | Found a staircase to the Slime Pits.
 25385 | Lair:6   | Entered Level 6 of the Lair of Beasts
 25468 | Lair:6   | Reached skill level 15 in Maces & Flails
 25634 | Lair:6   | Identified the +1 shortbow "Xutenec" {venom, Fly rF+ Str+4
                  | Dex-3}
 26246 | Lair:6   | Identified the amulet "Linkas" {Reflect +Blink +Inv rC+
                  | Str-3 SH+5}
 26291 | Lair:6   | Reached skill level 15 in Shields
 26386 | Lair:6   | Reached XP level 16. HP: 107/107 MP: 22/22
 26450 | Lair:6   | Received a gift from Okawaru
 26517 | Lair:6   | Found a corrupted altar of Lugonu.
 26517 | Lair:6   | Found a one-way gate to the infinite horrors of the Abyss.
 26876 | Shoals:1 | Entered Level 1 of the Shoals
 27445 | Shoals:1 | Noticed a kraken
 27464 | Shoals:1 | HP: 1/107 [tentacle[a kraken] (6)]
 27465 | Shoals:1 | Killed a kraken
 28685 | Shoals:1 | Reached skill level 16 in Shields
 28976 | Shoals:2 | Identified the +4 scale mail "Ivosuf" {rPois rN+ Regen+
                  | MP-9} (Okawaru gifted it to you on level 2 of the Shoals)
 28976 | Shoals:2 | Received a gift from Okawaru
 29038 | Shoals:2 | Noticed a kraken
 29076 | Shoals:2 | Killed a kraken
 30787 | Shoals:3 | Found Zynlal's Weapon Shop.
 31298 | Shoals:3 | Found Bircho's Assorted Antiques.
 31308 | Shoals:3 | Bought 2 potions of curing for 180 gold pieces
 31825 | Shoals:2 | Reached skill level 15 in Fighting
 31950 | Shoals:2 | Reached XP level 17. HP: 78/113 MP: 24/24
 32160 | Shoals:3 | Noticed a kraken
 32189 | Shoals:3 | Killed a kraken
 32735 | Shoals:3 | Reached skill level 10 in Invocations
 32756 | Shoals:3 | Identified the ring "Jeomag" {rF+ rN++ rCorr Slay-6 SInv}
 32757 | Shoals:3 | Noticed a tentacled monstrosity
 32880 | Shoals:3 | Killed a tentacled monstrosity
 33028 | Shoals:3 | Got the Grimoire of Mad Ravings
 33171 | Shoals:3 | Found Firob's Assorted Antiques.
 33368 | Shoals:4 | Entered Level 4 of the Shoals
 33465 | Shoals:4 | Reached skill level 17 in Shields
 33641 | Shoals:4 | Noticed a sphinx
 33656 | Shoals:4 | Killed a sphinx
 33656 | Shoals:4 | Received a gift from Okawaru
 33959 | Shoals:3 | Bought a pitted tower shield for 190 gold pieces
 33959 | Shoals:3 | Identified the +5 tower shield of Okawaru's Wrath {Int+2}
                  | (You bought it in a shop on level 3 of the Shoals)
 34400 | Shoals:4 | Noticed a sphinx
 34427 | Arena    | Entered the Arena
 34428 | Arena    | Paralysed by a sphinx for 4 turns
 34437 | Arena    | Killed a sphinx
 34776 | Shoals:4 | Noticed a sphinx
 34788 | Shoals:4 | Killed a sphinx
 34954 | Shoals:4 | Got a barnacled rune of Zot
 35235 | Snake:1  | Entered Level 1 of the Snake Pit
 35274 | Snake:1  | Reached skill level 18 in Shields
 35719 | Snake:1  | Received a gift from Okawaru
 35973 | Snake:1  | Reached XP level 18. HP: 119/119 MP: 26/26
 36166 | Snake:1  | Lost mutation: You have a pair of small antennae on your
                  | head. [potion of mutation]
 36166 | Snake:1  | Gained mutation: You are completely covered in iridescent
                  | scales. (AC +6) [potion of mutation]
 36573 | Snake:2  | Found Origoerch's Armour Boutique.
 36592 | Snake:2  | Bought the +0 pair of boots of the Thistle {+Inv Str+3
                  | Int+2 Dex+8} for 458 gold pieces
 37038 | Snake:3  | Received a gift from Okawaru
 38265 | Snake:4  | Entered Level 4 of the Snake Pit
 38867 | Snake:4  | Received a gift from Okawaru
 38994 | Snake:4  | Reached skill level 19 in Shields
 39981 | Snake:4  | Reached skill level 1 in Long Blades
 40123 | Snake:4  | Reached XP level 19. HP: 103/125 MP: 28/28
 40311 | Snake:4  | Got a serpentine rune of Zot
 40706 | Vaults:1 | Entered Level 1 of the Vaults
 40746 | Vaults:1 | Received a gift from Okawaru
 40747 | Vaults:1 | Reached skill level 10 in Throwing
 41012 | Vaults:1 | Received a gift from Okawaru
 41095 | Vaults:1 | Identified the +2 leather armour of Eternity {Rampage
                  | +Blink rF- Regen+}
 41952 | Vaults:1 | Reached skill level 20 in Shields
 41989 | Vaults:1 | Received a gift from Okawaru
 42023 | Vaults:1 | Found a runed translucent gate.
 42023 | Vaults:1 | Found a runed translucent gate.
 42023 | Vaults:1 | Found a runed translucent gate.
 42024 | Vaults:1 | Noticed Geloitur's ghost (veteran SpEE)
 42078 | Vaults:1 | Killed Geloitur's ghost
 42116 | Vaults:1 | Identified the +2 cloak of the Blind Marksman {Contam Harm
                  | rCorr}
 42760 | Vaults:2 | Identified the +7 whip "Licenuok" {antimagic, *Rage rN++
                  | Dex+4}
 43830 | Vaults:2 | Reached XP level 20. HP: 132/132 MP: 30/30
 43990 | Vaults:2 | Acquired 692 gold pieces
 44173 | Vaults:2 | Reached skill level 21 in Shields
 44258 | Vaults:2 | Received a gift from Okawaru
 44822 | Vaults:2 | Identified the +2 pair of boots of Okawaru's Hatred {MP+9
                  | Int-3 Dex+7 Stlth+} (Okawaru gifted it to you on level 2 of
                  | the Vaults)
 44822 | Vaults:2 | Received a gift from Okawaru
 46463 | Vaults:3 | Reached skill level 22 in Shields
 46598 | Vaults:3 | Received a gift from Okawaru
 46666 | Vaults:3 | Noticed Jory
 46689 | Vaults:3 | Killed Jory
 47151 | Vaults:3 | Found a staircase to the Crypt.
 47380 | Vaults:3 | Noticed Mennas
 47415 | Vaults:3 | Killed Mennas
 47800 | Vaults:4 | Reached skill level 5 in Evocations
 47856 | Vaults:4 | Received a gift from Okawaru
 47890 | Vaults:3 | Reached XP level 21. HP: 133/139 MP: 31/31
 48823 | Vaults:4 | Identified the ring of Ziubau {Fly rPois Str+2}
 48824 | Vaults:4 | Reached skill level 23 in Shields
 49281 | Vaults:4 | Noticed Margery
 49285 | Arena    | Entered the Arena
 49313 | Arena    | Killed Margery
 50775 | Vaults:4 | Received a gift from Okawaru
 51338 | Elf:1    | Entered Level 1 of the Elven Halls
 51857 | Elf:1    | Identified the +8 long sword of Dominance {antimagic, rCorr
                  | Str+3}
 51881 | Elf:1    | Found an ancient bone altar of Kikubaaqudgha.
 52246 | Elf:1    | Paralysed by an air elemental for 1 turns
 52461 | Elf:1    | Identified the +1 shortbow "Ocyoruig" {venom, rPois rF-
                  | rCorr SInv} (Okawaru gifted it to you on level 1 of the
                  | Elven Halls)
 52461 | Elf:1    | Received a gift from Okawaru
 52526 | Elf:1    | Found Nydifauw's Assorted Antiques.
 52552 | Elf:1    | Bought a worn copper wand for 128 gold pieces
 52755 | Elf:1    | Found Irimaew's Book Boutique.
 52755 | Elf:1    | Found Zonwueg's Jewellery Emporium.
 52756 | Elf:1    | Found Rus Uchibakk's Jewellery Emporium.
 53198 | Elf:2    | Found a runed translucent gate.
 53198 | Elf:2    | Found a runed translucent gate.
 53198 | Elf:2    | Found a runed translucent gate.
 53679 | Elf:2    | Reached skill level 24 in Shields
 53686 | Elf:2    | Reached XP level 22. HP: 146/147 MP: 32/32
 54214 | Elf:3    | Entered Level 3 of the Elven Halls
 54231 | Elf:3    | Received a gift from Okawaru
 54528 | Elf:3    | Paralysed by an air elemental for 1 turns
 55072 | Elf:3    | Identified the +7 long sword "Aubergine" {vorpal, rN+ Will+
                  | Int-5 SInv}
 55072 | Elf:3    | Identified the ring of Maikk {Fly rF+ Dex-4 Slay+2}
 55121 | Elf:3    | Identified the ring "Leicosoq" {Fly rF+ Will++ Str-5}
 55191 | Elf:3    | Identified the +2 troll leather armour of Naidwo Tuunt
                  | {Drain rPois rF+++ Regen+}
 55191 | Elf:3    | Identified the amulet "Veotenil" {Faith Fragile Str+3
                  | Dex+6}
 55344 | Elf:3    | Noticed Mara
 55346 | Elf:3    | Noticed emperorscorpion's illusion
 55348 | Arena    | Entered the Arena
 55351 | Arena    | Noticed emperorscorpion's illusion
 55363 | Arena    | Killed Mara
 55406 | Elf:3    | Received a gift from Okawaru
 56123 | Elf:3    | Cast into level 3 of the Abyss (a deep elf sorcerer)
 56188 | Abyss:3  | Got an abyssal rune of Zot
 56600 | Abyss:3  | Gained mutation: You tend to lose your temper in combat. [a
                  | cacodemon]
 56642 | Elf:3    | Escaped the Abyss
 56649 | Elf:3    | Reached skill level 25 in Shields
 56760 | Elf:3    | Got the Collected Works on Scorching Earth
 57129 | Slime:1  | Entered Level 1 of the Pits of Slime
 57132 | Slime:1  | Gained mutation: You often lose your temper in combat. [a
                  | shining eye]
 57203 | Slime:4  | Lost mutation: You are completely covered in iridescent
                  | scales. (AC +6) [potion of mutation]
 57203 | Slime:4  | Lost mutation: You are mostly covered in iridescent scales.
                  | (AC +4) [potion of mutation]
 57203 | Slime:4  | Lost mutation: You often lose your temper in combat.
                  | [potion of mutation]
 57203 | Slime:4  | Gained mutation: You have sharp fingernails. [potion of
                  | mutation]
 57203 | Slime:4  | Gained mutation: You have a pair of small horns on your
                  | head. [potion of mutation]
 57331 | Slime:5  | Entered Level 5 of the Pits of Slime
 58158 | Slime:5  | Noticed the Royal Jelly
 58174 | Slime:5  | Killed the Royal Jelly
 58175 | Slime:5  | Reached XP level 23. HP: 75/155 MP: 27/33
 58224 | Slime:3  | HP: 11/232 [acid (8)]
 58224 | Slime:3  | HP: 2/232 [azure jelly (8)]
 58238 | Slime:4  | Killed from afar by an acid blob

Illustrated notes

Levels and vault maps discovered:
D:1:      nzn_arrival_settlement, layout_basic
D:2:      layout_basic, shapermc_ecumenical_altar_mp_vishouse,
          hangedman_decor_peaks_small, minmay_pentomino_q2
D:3:      layout_loops_cross, gammafunk_temple_overflow_wave,
          ebering_ghost_sewer_f, uniq_robin
D:4:      layout_basic, nemelex_xobeh_ov_fountains_minmay, grunt_qazlal_clouds,
          serial_shops, kennysheep_mini_moat, nrook_mini_backslash, uniq_pikel
D:5:      layout_cave_pods, uniq_menkaure, uniq_prince_ribbit1, uniq_edmund,
          uniq_ijyb
D:6:      layout_loops_ring, mainiacjoe_overflow_surrounded_room,
          kennysheep_diamond, uniq_crazy_yiuf_cottage
D:7:      layout_cave_pools, minmay_temple_entry_sparse_star,
          minmay_misc_feat_tower
D:8:      layout_basic, uniq_erica, uniq_harold
D:9:      layout_loops_cross, minitemple, serial_ice, serial_ice_a,
          serial_ice_o, serial_ice_f, serial_ice_h
D:10:     layout_basic, dpeg_oklobed_lair, orc_0_dummy, uniq_erolcha
D:11:     layout_small_grid, enter_bailey_2, kennysheep_cross_bottleneck,
          uniq_sonja
D:12:     layout_big_octagon, nicolae_trove_entry_crossroad, uniq_nergalle
D:13:     layout_basic, okawaru_gym_becter, uniq_rupert
D:14:     layout_loops_ring, hangedman_vaults_entry_quadrant_bands,
          minivault_24, chequers_decorated_corner, minmay_holes,
          minmay_misc_feat_chi, uniq_frances
Temple:   eino_temple_lava
Lair:1:   layout_chaotic_city, beast_lair_carwin_8, uniq_joseph
Lair:2:   layout_regular_city
Lair:3:   layout_gridlike, guppyfry_snake_entry_island
Lair:4:   layout_regular_city, minmay_shoals_entry_lonely_mermaid,
          nicolae_lair_run_with_the_wolves
Lair:5:   layout_cave_pods, nicolae_slime_entry_slimehenge, serial_bayou_shore_a
Lair:6:   hellmonk_lair_end_abyssal_woods, layout_regular_city
Shoals:1: layout_shoals
Shoals:2: layout_shoals, nicolae_shoals_spring_well_temple
Shoals:3: dreamdust_from_the_deep, layout_shoals, serial_shops,
          nicolae_stop_n_shop_2, shop, nicolae_shop_crystal,
          nicolae_shoals_aquamancer_cove
Shoals:4: shoals_end_hellmonk_lost_city, serial_shops
Snake:1:  layout_rooms
Snake:2:  layout_basic, serial_shops, shop_coins
Snake:3:  nicolae_snake_crotalidae_crossing, layout_chambers,
          nicolae_snake_yet_another_twisty_hallway
Snake:4:  snake_pit_salamanders_mu, layout_basic
Slime:1:  layout_caves
Slime:2:  layout_caves
Slime:3:  layout_caves, cheibrodos_slime_lost_civilization_7
Slime:4:  layout_caves, cheibrodos_slime_lost_civilization_6
Slime:5
Orc:1:    layout_diamond_mine, serial_shops, shop
Orc:2:    st_orc_elflike, layout_caves
Elf:1:    elf_arrival_002, layout_geoelf_octagon, serial_shops, shop,
          basic_altar, hangedman_elf_represent,
          minmay_checkered_concentric_circles, minmay_shop_grove
Elf:2:    elven_hall_of_blades_hangedman_original [nicolae_blade_little_rooms],
          layout_loops_corners, serial_sigils_hangedman_scratch
Elf:3:    minmay_elf_hall_dome, layout_geoelf_octagon, grunt_megastairs_4,
          uniq_mara
Vaults:1: gammafunk_ghost_necromancy, vaults_mumra_hexcomb,
          hangedman_vaults_impose, vaults_dpeg_doors,
          nicolae_vaults_little_squares_6, ontoclasm_vaults_loading_screen,
          nicolae_vaults_alarming, v_misc_1, ontoclasm_vaults_bender,
          ontoclasm_vaults_idyll, hangedman_vaults_stretched_pinwheel,
          ontoclasm_vaults_tryst, vaults_room_corners, hangedman_vaults_hat,
          v_misc_27, layout_vaults_maze_bifur
Vaults:2: nicolae_vaults_yaktaur_gun_rack, nicolae_vaults_network_quinsquares
          [nicolae_vaults_network_quincunx_subvault,
          nicolae_vaults_network_quincunx_subvault,
          nicolae_vaults_network_quincunx_subvault,
          nicolae_vaults_network_quincunx_subvault],
          hangedman_vaults_stretched_pinwheel, v_misc_10, v_misc_29,
          grunt_vaults_diagonal, vaults_room_semicircle, ontoclasm_vaults_eye,
          layout_vaults_quadrants
Vaults:3: nicolae_vaults_twisting_passages,
          vaults_standard_mumra_enter_the_diamond,
          minmay_crypt_entry_skeletal_spiral, v_rooms_5,
          dpeg_vaults_monster_row, hangedman_vaults_stretched_pinwheel,
          v_alt_pattern_2, serial_ice_b, hangedman_vaults_restitches,
          vaults_dpeg_encased_lava, layout_vaults_chaotic_city, uniq_mennas,
          uniq_jory
Vaults:4: vaults_mumra_minichess_inversion, nicolae_vaults_fighting_squares,
          grunt_vaults_focal, v_misc_23, nicolae_vaults_theta,
          grunt_vaults_hallway_long, nicolae_vaults_theta, v_rooms_4, v_misc_13,
          nicolae_vaults_little_squares_3, v_misc_30, v_misc_25, v_misc_9,
          v_misc_15, nicolae_vaults_specimen_jars, ontoclasm_vaults_gateway,
          nicolae_vaults_border_crossing, layout_vaults_omnicross,
          serial_hangedman_research, uniq_margery

Skill      XL: |  1  2  3  4  5  6  7  8  9 10 11 12 13 14 15 16 17 18 19 20 21 22 |
---------------+-------------------------------------------------------------------+-----
Throwing       | 2 3 4 5 6 7 9 10 11 | 11.0
Shields        | 1 2 4 5 6 8 11 13 15 16 18 19 20 22 24 25 | 25.2
Dodging        | 3 4 5 |  5.3
Maces & Flails | 4 5 6 7 8 11 12 13 14 15 16 | 16.5
Armour         | 1 2 3 4 5 7 9 10 11 12 13 14 | 14.2
Fighting       | 3 4 5 6 11 12 13 14 15 16 17 18 19 | 19.2
Invocations    | 1 2 5 8 9 11 12 13 14 | 14.3
Evocations     | 1 2 5 7 9 |  9.0
Long Blades    | 1 |  1.1

Action                   |  1- 3 |  4- 6 |  7- 9 | 10-12 | 13-15 | 16-18 | 19-21 | 22-24 || total
-------------------------+-------+-------+-------+-------+-------+-------+-------+-------++-------
Melee: Flail             |    69 |       |   143 |   318 |  1332 |  1390 |  1895 |       ||  5147
       Whip              |    59 |   101 |   117 |       |       |       |       |       ||   277
       Long sword        |       |       |       |     4 |       |    33 |       |       ||    37
       Demon whip        |       |       |       |       |       |       |   318 |   686 ||  1004
       Headbutt          |       |       |       |       |       |       |       |    75 ||    75
Throw: Dart              |     5 |     2 |    18 |    26 |    18 |     4 |     8 |    13 ||    94
       Throwing net      |       |     3 |     1 |       |       |       |       |       ||     4
       Boomerang         |       |       |       |       |    18 |   415 |   126 |       ||   559
       Javelin           |       |       |       |       |    22 |    10 |    81 |    16 ||   129
Invok: Heroism           |       |       |       |     4 |     6 |    10 |     4 |     2 ||    26
       Finesse           |       |       |       |       |       |     2 |     2 |     2 ||     6
       Duel              |       |       |       |       |       |     1 |     1 |     1 ||     3
 Abil: Evoke Blink       |       |       |       |       |       |       |       |     2 ||     2
Evoke: Wand              |       |       |       |     5 |     8 |    12 |       |    11 ||    36
       Phial of floods   |       |       |       |       |     1 |     1 |     2 |     2 ||     6
       Lightning rod     |       |       |       |       |       |     8 |     8 |     8 ||    24
       Tin of tremorston |       |       |       |       |       |       |       |     4 ||     4
  Use: Potion            |       |     5 |     1 |     1 |     1 |     4 |     3 |     5 ||    20
       Scroll            |       |     3 |    14 |     9 |    15 |     7 |    12 |     8 ||    68
 Stab: Sleeping          |       |     2 |       |       |       |       |       |       ||     2
       Distracted        |       |     1 |     1 |       |       |       |       |       ||     2
       Held in net/web   |       |     1 |       |       |       |       |       |       ||     1
       Paralysed         |       |       |       |     3 |       |       |       |       ||     3
       Fleeing           |       |       |       |       |       |       |     1 |       ||     1
       Invisible         |       |       |       |       |       |       |       |    14 ||    14
Armor: Leather armour    |    38 |    22 |     8 |       |       |       |       |       ||    68
       Skin              |       |    17 |       |       |       |       |       |       ||    17
       Ring mail         |       |       |    78 |       |       |       |       |       ||    78
       Scale mail        |       |       |    26 |       |       |       |       |       ||    26
       Plate armour      |       |       |    16 |   202 |       |       |       |       ||   218
       Crystal plate arm |       |       |       |       |   451 |   581 |   694 |   147 ||  1873
Dodge: Dodged            |    58 |    24 |   104 |    92 |   130 |   157 |   188 |    50 ||   803
Block: Kite shield       |    16 |    27 |   122 |   205 |  1254 |   801 |       |       ||  2425
       Reflection        |       |       |       |       |    19 |   290 |   125 |    63 ||   497
       Tower shield      |       |       |       |       |       |  1111 |  2655 |   636 ||  4402
       Rpst.: Flail      |       |       |    11 |    22 |    31 |    29 |    21 |       ||   114
       Long sword        |       |       |       |     1 |       |     1 |       |       ||     2
       Demon whip        |       |       |       |       |       |       |     1 |    11 ||    12

Table legend: (Time is in decaauts)
 A = Elapsed time spent in this place.
 B = Non-inter-level travel time spent in this place.
 C = Inter-level travel time spent in this place.
 D = Time resting spent in this place.
 E = Time spent auto-exploring this place.
 F = Levels seen in this place.
 G = Mean time per level.
                   A        B        C        D        E       F      G
               +--------+--------+--------+--------+--------+-----+--------+
         Total |  56738 |  52758 |   3980 |   4010 |  37464 |  48 | 1182.0 |
       Dungeon |  18192 |  16596 |   1596 |    820 |  13076 |  14 | 1299.4 |
        Temple |     66 |     55 |     11 |      0 |     48 |   1 |   66.0 |
          Lair |   6846 |   6365 |    481 |    286 |   4912 |   6 | 1141.0 |
        Shoals |   8083 |   7745 |    338 |    493 |   5876 |   4 | 2020.8 |
     Snake Pit |   4808 |   4422 |    386 |    375 |   2631 |   4 | 1202.0 |
    Slime Pits |   1020 |   1007 |     13 |    701 |     50 |   5 |  204.0 |
  Orcish Mines |   1624 |   1441 |    183 |    161 |    951 |   2 |  812.0 |
   Elven Halls |   4731 |   4434 |    297 |    379 |   3016 |   3 | 1577.0 |
        Vaults |   9763 |   9091 |    672 |    559 |   6161 |   4 | 2440.8 |
         Abyss |    463 |    463 |      0 |     25 |    243 |   1 |  463.0 |
        Bailey |   1031 |   1031 |      0 |    180 |    500 |   1 | 1031.0 |
         Arena |    104 |    104 |      0 |     29 |      0 |   3 |   34.7 |
               +--------+--------+--------+--------+--------+-----+--------+

Top non-repeatable levels by time:
Vaults:3: 3619 daAuts
Shoals:2: 2780 daAuts
Vaults:2: 2425 daAuts
Shoals:3: 2409 daAuts
    D:14: 2095 daAuts
   Elf:3: 1995 daAuts
Vaults:1: 1872 daAuts
Vaults:4: 1844 daAuts
 Snake:3: 1754 daAuts
     D:6: 1656 daAuts
 Snake:4: 1647 daAuts
Shoals:1: 1622 daAuts
     D:1: 1395 daAuts
     D:9: 1382 daAuts
   Elf:1: 1374 daAuts
